 Dungeon Crawl Stone Soup version 0.28-a0-1167-g616b1c6417 (webtiles) character file.

Game seed: 520144722023843100

431 Vivir the Skirmisher (level 6, -3/56 HPs)
             Began as a Minotaur Fighter on Dec 16, 2021.
             Was a Follower of Okawaru.
             Slain by Duvessa (5 damage)
             ... on level 5 of the Dungeon.
             The game lasted 00:04:52 (4697 turns).

Vivir the Skirmisher (Minotaur Fighter)             Turns: 4697, Time: 00:04:53

Health: -3/56      AC:  7    Str: 22    XL:     6   Next: 66%
Magic:  5/5        EV:  8    Int:  5    God:    Okawaru [*.....]
Gold:   212        SH:  9    Dex: 10    Spells: 5/5 levels left

rFire   + . .      SeeInvis .   a - +0 flail
rCold   . . .      Faith    .   n - +0 kite shield
rNeg    . . .      Spirit   .   b - +0 scale mail
rPois   .          Reflect  .   (helmet restricted)
rElec   .          Harm     .   (no cloak)
rCorr   .          Rampage  .   (no gloves)
Will    .....                   (no boots)
Stlth   ..........              (no amulet)
HPRegen 0.18/turn               (no ring)
MPRegen 0.09/turn               (no ring)

@: no status effects
A: horns 2, retaliatory headbutt, fire resistance 1, sturdy frame 1
a: Renounce Religion, Heroism


You were on level 5 of the Dungeon.
You worshipped Okawaru.
Okawaru was aware of your devotion.
You visited 2 branches of the dungeon, and saw 6 of its levels.

You collected 212 gold pieces.

Inventory:

Hand Weapons
 a - a +0 flail (weapon)
Armour
 b - a +0 scale mail (worn)
 j - a +0 tower shield
 n - a +0 kite shield (worn)
Wands
 c - a wand of polymorph (2)
 k - a wand of flame (18)
Scrolls
 e - 3 scrolls of enchant weapon {unknown}
 f - 2 scrolls of fear {unknown}
 g - 5 scrolls of identify {unknown}
 h - 3 scrolls of noise {unknown}
 i - a scroll of summoning {unknown}
 m - a scroll of magic mapping {unknown}
Potions
 d - 3 potions of might
 l - a potion of curing
 p - a potion of mutation
 q - a potion of heal wounds


   Skills:
 + Level 5.5 Fighting
 + Level 4.7 Maces & Flails
 + Level 5.5 Armour
 + Level 5.5 Shields


You had 5 spell levels left.
You didn't know any spells.
Your spell library contained the following spells:

 Spells                   Type           Power      Damage    Failure   Level
 Beastly Appendage        Tmut           0%         N/A       97%         1
 Wereblood                Tmut           0%         N/A       99%         2
 Spider Form              Tmut/Pois      0%         N/A       100%        3


Dungeon Overview and Level Annotations

Branches:
Dungeon (5/15)             Temple (1/1) D:4

Altars:
Cheibriados
Elyvilon
Makhleb
Okawaru
Qazlal
Ru
Sif Muna
Uskayaw
Vehumet
Wu Jian
Xom
The Shining One

Shops:
D:4 ([:

Annotations:
D:5 Dowan, Duvessa


Innate Abilities, Weirdness & Mutations

You have a pair of horns on your head.
You reflexively headbutt those who attack you in melee.
Your flesh is heat resistant. (rF+)
Your movements are slightly less encumbered by armour. (ER -2)


Message History

Dowan points at Duvessa and mumbles some strange words.
Duvessa seems to speed up.
There are monsters nearby!
Found a mace.
You block the jelly's attack.
There are monsters nearby!
You closely miss Duvessa. Your headbutt misses Duvessa.
Duvessa says, "Where magic fails, the sword succeeds!"
Duvessa hits you with a +0 rapier. The jelly hits you but does no damage.
Duvessa hits you with a +0 rapier. The jelly closely misses you.
The necrophage hits you.
Unknown command.
You block Duvessa's attack.
Dowan mumbles some strange words.
Dowan blinks!
Duvessa hits you with a +0 rapier. Duvessa hits you with a +0 rapier.
Duvessa hits you but does no damage. Duvessa hits you with a +0 rapier!
Duvessa hits you with a +0 rapier.
Dowan says, "My weaknesses are her strengths!"
Duvessa hits you with a +0 rapier.
You barely miss Duvessa. Duvessa hits you with a +0 rapier.
Dowan mumbles some strange words.
Dowan blinks!
Duvessa hits you with a +0 rapier.
* * * LOW HITPOINT WARNING * * *
Unknown command.
You closely miss Duvessa. Duvessa barely misses you.
You block Duvessa's attack.
Unknown command.
Unknown command.
You hit Duvessa.
Duvessa is lightly wounded.
You block Duvessa's attack. Duvessa hits you with a +0 rapier!
* * * LOW HITPOINT WARNING * * *
Unknown command.
Unknown command.
Duvessa hits you with a +0 rapier.
* * * LOW HITPOINT WARNING * * *
Duvessa hits you with a +0 rapier.
You die...

#..?......................##
#..........................#
#......)..#.§§.≈..†........#
#.........#.≈≈§§...........#
#............§.§≈..........#
#...........≈..§§..........#
#.......>.#.............†..#
#.........####..>........#..
#..........@...##......#####
##########e##########.......
##########n# #...####
#........Je# ###..###
#..........# #......
#..........# #......
#..........# #......
#..........# #......
######.##### #......


You could see Duvessa (fast), a necrophage, Dowan and a jelly.

Vanquished Creatures
  A sky beast (D:4)
  A necrophage (D:4)
  A scorpion (D:5)
  A bullfrog skeleton (D:5)
  A hound (D:5)
  A centaur skeleton (D:4)
  2 adders
  3 gnolls (D:4)
  A white imp (D:4)
  A worm (D:2)
  2 dart slugs
  2 orcs (D:3)
  7 bats
  3 endoplasms
  2 giant cockroaches
  5 goblins
  3 hobgoblins
  A quokka (D:5)
  3 ball pythons
  A frilled lizard (D:3)
  4 rats
46 creatures vanquished.

Notes
Turn   | Place    | Note
-------+----------+-------------------------------------------
     0 | D:1      | Vivir the Minotaur Fighter began the quest for the Orb.
     0 | D:1      | Reached XP level 1. HP: 19/19 MP: 0/0
   328 | D:1      | Reached XP level 2. HP: 27/27 MP: 1/1
  1702 | D:3      | Reached XP level 3. HP: 33/33 MP: 2/2
  1956 | D:3      | Found a large runed translucent door.
  1956 | D:3      | Found a large runed translucent door.
  2320 | D:3      | Found a radiant altar of Vehumet.
  2330 | D:3      | Found a shimmering altar of Xom.
  2632 | D:4      | Found Doheko's Weapon Shop.
  2640 | D:4      | Found a staircase to the Ecumenical Temple.
  2655 | D:4      | Reached XP level 4. HP: 41/41 MP: 3/3
  2662 | Temple   | Entered the Ecumenical Temple
  2854 | Temple   | Became a worshipper of Warmaster Okawaru
  2978 | D:4      | Found Uwnaom's Book Emporium.
  2986 | D:4      | Found Nopluizu's Antique Armour Boutique.
  3083 | D:4      | Noticed a necrophage
  3088 | D:4      | Killed a necrophage
  3089 | D:4      | Reached XP level 5. HP: 34/47 MP: 4/4
  3377 | D:5      | Entered Level 5 of the Dungeon
  3399 | D:5      | Reached * piety under Okawaru
  3400 | D:5      | Reached skill level 5 in Fighting
  3400 | D:5      | Reached skill level 5 in Armour
  3400 | D:5      | Reached skill level 5 in Shields
  3609 | D:5      | Noticed Duvessa
  3610 | D:5      | Noticed Dowan
  4009 | D:4      | Reached XP level 6. HP: 44/56 MP: 5/5
  4391 | D:5      | Noticed a sky beast
  4401 | D:4      | Killed a sky beast
  4608 | D:5      | Found a stormy altar of Qazlal.
  4618 | D:5      | Gained mutation: Your movements are slightly less
                  | encumbered by armour. (ER -2) [potion of mutation]
  4618 | D:5      | Gained mutation: Your flesh is heat resistant. (rF+)
                  | [potion of mutation]
  4697 | D:5      | HP: 2/56 [Duvessa (4)]
  4697 | D:5      | Slain by Duvessa

Illustrated notes

Levels and vault maps discovered:
D:1:      minmay_arrival_four_circles, layout_loops_ring
D:2:      layout_basic
D:3:      layout_basic, jmf_multi_god_temple2
D:4:      layout_cave_pools, minmay_temple_entry_statues_fountains,
          serial_shops, shop, nicolae_shop_statue_plus,
          nicolae_shop_hallway_plus
D:5:      layout_rooms, nicolae_qazlal_scattered_showers, water_maze_lemuel,
          uniq_duvessa
Temple:   grunt_temple_mini_profane

Skill      XL: |  1  2  3  4  5 |
---------------+----------------+-----
Fighting       | 4 5 |  5.5
Armour         | 4 5 |  5.5
Shields        | 4 5 |  5.5
Maces & Flails | 3 4 |  4.7

Action                   |  1- 3 |  4- 6 || total
-------------------------+-------+-------++-------
Melee: Flail             |    66 |    48 ||   114
       Headbutt          |    10 |     9 ||    19
  Use: Potion            |     6 |     3 ||     9
Armor: Scale mail        |    38 |    21 ||    59
Dodge: Dodged            |    33 |    30 ||    63
Block: Buckler           |     9 |       ||     9
       Kite shield       |    26 |    47 ||    73

Table legend: (Time is in decaauts)
 A = Elapsed time spent in this place.
 B = Non-inter-level travel time spent in this place.
 C = Inter-level travel time spent in this place.
 D = Time resting spent in this place.
 E = Time spent auto-exploring this place.
 F = Levels seen in this place.
 G = Mean time per level.
                   A        B        C        D        E       F      G
               +--------+--------+--------+--------+--------+-----+--------+
         Total |   4731 |   4493 |    238 |   1029 |   2936 |   6 |  788.5 |
       Dungeon |   4524 |   4319 |    205 |   1029 |   2767 |   5 |  904.8 |
        Temple |    207 |    174 |     33 |      0 |    169 |   1 |  207.0 |
               +--------+--------+--------+--------+--------+-----+--------+

Top non-repeatable levels by time:
     D:4: 1381 daAuts
     D:3: 1008 daAuts
     D:2: 861 daAuts
     D:1: 776 daAuts
     D:5: 495 daAuts
  Temple: 207 daAuts
